 Dungeon Crawl Stone Soup version 0.20.1-1-g8b1a95d (webtiles) character file.

885 letownia2 the Reanimator (level 7, -1/55 HPs)
             Began as a Deep Dwarf Necromancer on Dec 18, 2017.
             Slain by a phantom (5 damage)
             ... on level 5 of the Dungeon.
             The game lasted 00:08:03 (3080 turns).

letownia2 the Reanimator (Deep Dwarf Necromancer)   Turns: 3080, Time: 00:08:04

Health: -1/55      AC:  3    Str: 18    XL:     7   Next: 76%
Magic:  10/11      EV: 12    Int: 17    God:
Gold:   103        SH:  0    Dex: 13    Spells: 8/12 levels left

rFire    . . .     SeeInvis .   a - +0 flail of an ice cave {flame, *Drain rPois rC++ Str+8} (curse)
rCold    + + .     Gourm    .   (no shield)
rNeg     . . .     Faith    .   u - +0 robe
rPois    +         Spirit   .   (no helmet)
rElec    .         Reflect  .   (no cloak)
rCorr    .         Harm     .   e - +0 pair of gloves
MR       +....                  (no boots)
Stlth    ++........             (no amulet)
Regen    0.0/turn               n - -2 ring of strength (curse)
MPRegen  0.2/turn               (no ring)

@: non-regenerating
A: damage resistance, heal wounds, sense surroundings 1, no regeneration
a: Heal Wounds


You were on level 5 of the Dungeon.
You were not hungry.

You visited 1 branch of the dungeon, and saw 5 of its levels.

You collected 103 gold pieces.

Inventory:

Hand Weapons
 a - the cursed +0 flail of an ice cave (weapon) {flame, *Drain rPois rC++ Str+8}
   (You found it on level 5 of the Dungeon)

   It has been specially enchanted to burn those struck by it, causing extra
   injury to most foes and up to half again as much damage against particularly
   susceptible opponents.
   It affects your strength (+8).
   It greatly protects you from cold.
   It protects you from poison.
   It causes draining when unequipped.
   It has a curse placed upon it.
 g - a +0 rapier
 y - a +0 hand axe
 z - a +0 war axe
 B - a +0 dagger of speed
Armour
 e - a +0 pair of gloves (worn)
 u - a +0 robe (worn)
 v - a +0 scale mail
Jewellery
 n - a cursed -2 ring of strength (left hand)
Wands
 m - a wand of disintegration (5/24)
Scrolls
 h - 3 scrolls of identify
 i - a scroll of recharging {unknown}
 j - a scroll of magic mapping {unknown}
 k - 2 scrolls of remove curse {unknown}
 s - 3 scrolls of teleportation {unknown}
 A - a scroll of enchant weapon {unknown}
Potions
 f - a potion of brilliance {unknown}
 o - a potion of mutation {unknown}
 p - 2 potions of invisibility {unknown}
 t - a potion of lignification {unknown}
 w - a potion of cancellation {unknown}
 x - a potion of curing {unknown}
Books
 b - a book of Necromancy

   Spells                             Type                      Level
   a - Pain                           Necromancy                   1
   b - Animate Skeleton               Necromancy                   1
   c - Vampiric Draining              Necromancy                   3
   d - Regeneration                   Charms/Necromancy            3
   e - Animate Dead                   Necromancy                   4
   f - Control Undead                 Necromancy                   4
Comestibles
 c - 3 bread rations
 d - 3 royal jellies
 l - a meat ration
 q - a chunk of flesh
 r - 4 fruits


   Skills:
 - Level 2.1 Dodging
 - Level 2.4 Stealth
 - Level 3.0 Spellcasting
 + Level 9.7 Necromancy
 - Level 3.1 Evocations


You had 8 spell levels left.
You knew the following spells:

 Your Spells              Type           Power        Failure   Level  Hunger
a - Pain                  Necr           ####         1%          1    None
v - Vampiric Draining     Necr           #####.....   1%          3    ###....


Dungeon Overview and Level Annotations

Branches:
Dungeon (5/15)
 Temple: D:4-7

Altars:

Annotations:
D:5 Haldmier's ghost, novice TeCj


Innate Abilities, Weirdness & Mutations

You are resistant to damage.
You can heal yourself by infusing magical energy.
You passively map a small area around you.
You do not regenerate.


Message History

You completely miss the phantom.
The phantom is heavily damaged.
The phantom hits you.
* * * LOW HITPOINT WARNING * * *
You hit the phantom. You burn the phantom.
The phantom is heavily damaged.
The phantom completely misses you.
The phantom blinks!
The phantom hits you but does no damage.
You hit the phantom. You burn the phantom.
The phantom is severely damaged.
The phantom hits you.
* * * LOW HITPOINT WARNING * * *
You hit the phantom. You burn the phantom.
The phantom is severely damaged.
The phantom blinks! x2
Unknown command.
The phantom blinks!
There is a stone staircase leading up here.
The phantom hits you.
You die...

** * #### , ,* #.. ,
, , ##########.###*
, , **
#..........#.### ,
#..........#...# ,,
#........@.#.#.#
#.......W<.#.#.#* *
#..........#.#§# ,
#..........#.#.#####
,
##########.#.#..†..#
#.#.#####.#
#.#.#.5.#.# ,
#.#.....#.#
#.#######.# *


You could see a phantom.

Vanquished Creatures
  Menkaure (D:4)
  2 ice beasts (D:5)
  A sky beast (D:5)
  A centaur (D:5)
  Blork the orc (D:4)
  A hound (D:4)
  2 orc priests (D:4)
  2 iguanas
  2 orc wizards (D:4)
  2 worker ants
  6 adders
  An ooze (D:4)
  An adder skeleton (D:4)
  An adder zombie (D:5)
  2 worms (D:4)
  A leopard gecko (D:4)
  7 orcs
  2 giant cockroaches
  A goblin (D:3)
  A hobgoblin (D:1)
  2 jackals (D:5)
  A kobold (D:3)
  4 quokkas
  3 bats (D:3)
  2 frilled lizards
  A leopard gecko skeleton (D:3)
  A quokka skeleton (D:5)
  A quokka zombie (D:5)
  2 rats
55 creatures vanquished.

Notes
Turn   | Place    | Note
-------+----------+-------------------------------------------
     0 | D:1      | letownia2 the Deep Dwarf Necromancer began the quest for the Orb.
     0 | D:1      | Reached XP level 1. HP: 15/15 MP: 3/3
   152 | D:2      | Reached XP level 2. HP: 16/22 MP: 0/5
   550 | D:3      | Reached skill level 5 in Necromancy
   690 | D:3      | Reached XP level 3. HP: 19/28 MP: 2/6
   697 | D:3      | Learned a level 3 spell: Vampiric Draining
   829 | D:4      | Noticed Blork the orc
   948 | D:4      | Reached XP level 4. HP: 31/36 MP: 3/8
  1278 | D:4      | Reached skill level 1 in Evocations
  1285 | D:4      | Reached XP level 5. HP: 30/42 MP: 1/9
  1514 | D:4      | Killed Blork the orc
  1514 | D:4      | Reached skill level 6 in Necromancy
  1836 | D:4      | Reached XP level 6. HP: 43/49 MP: 0/10
  2053 | D:4      | Reached skill level 7 in Necromancy
  2259 | D:4      | Noticed Menkaure
  2281 | D:4      | Killed Menkaure
  2407 | D:5      | Entered Level 5 of the Dungeon
  2407 | D:5      | Noticed an ice beast
  2407 | D:5      | Noticed a sky beast
  2504 | D:5      | Got a twisted flail
  2505 | D:5      | Identified the cursed +0 flail of an ice cave {flame, *Drain rPois rC++ Str+8} (You found it on level 5 of the Dungeon)
  2519 | D:5      | Noticed Haldmier's ghost (novice TeCj)
  2598 | D:5      | Reached skill level 8 in Necromancy
  2598 | D:5      | Reached XP level 7. HP: 9/55 MP: 1/11
  2925 | D:5      | Reached skill level 9 in Necromancy
  3080 | D:5      | Slain by a phantom

Skill      XL: |  1  2  3  4  5  6  7 |
---------------+----------------------+-----
Spellcasting   | 2 3 |  3.0
Necromancy     | 5 6 8 9 |  9.7
Evocations     | 2 3 |  3.1
Dodging        | |  2.1
Stealth        | |  2.4

Action                   |  1- 3 |  4- 6 |  7- 9 || total
-------------------------+-------+-------+-------++-------
Melee: Rapier            |    11 |       |       ||    11
       Dagger            |       |    48 |       ||    48
       Flail             |       |       |    39 ||    39
 Cast: Pain              |    28 |    43 |       ||    71
       Vampiric Draining |     2 |    17 |    13 ||    32
Evoke: Wand              |       |     2 |       ||     2
  Use: Scroll            |     1 |       |       ||     1
 Stab: Sleeping          |       |       |     1 ||     1
  Eat: Chunk             |     1 |     6 |     3 ||    10
Armor: Robe              |     7 |     8 |     8 ||    23
Dodge: Dodged            |    10 |    34 |    38 ||    82
